 Seeded DCSS version 0.30-a0-937-ga0a21ad780 (webtiles) character file.

Game seed: 14888120050964983059 (custom seed)

352 Pimp the Slasher (level 6, -3/48 HPs)
             Began as a Barachi Reaver on Mar 24, 2023.
             Slain by an iguana (11 damage)
             ... on level 4 of the Dungeon.
             The game lasted 00:07:41 (3348 turns).

Pimp the Slasher (Barachi Reaver)                   Turns: 3348, Time: 00:07:42

Health: -3/48      AC:  5    Str: 26    XL:     6   Next: 62%
Magic:  11/11      EV: 12    Int: 18    God:
Gold:   277        SH:  0    Dex: 10    Spells: 7/12 levels left

rFire   . . .      SeeInvis .    r - +1 demon blade "Faeddish" {vamp, rPois rC- rCorr Int+3}
rCold   . . .      Faith    +    (no shield)
rNeg    . . .      Spirit   .    b - +0 leather armour
rPois   +          Reflect  .    d - +0 helmet
rElec   .          Rampage  .    (no cloak)
rCorr   +          Archmagi +    e - +0 pair of gloves
Will    .....                    (no boots)
Stlth   +                        q - amulet "Xarphes" {Faith rC+ Str+6}
HPRegen 0.28/turn                k - +6 ring of strength
MPRegen 0.12/turn                t - ring of the Mage {Wiz Archmagi}

@: slow
A: amphibious, slowness 1, strong legs 1, +LOS
a: Hop


You were on level 4 of the Dungeon.
You visited 1 branch of the dungeon, and saw 4 of its levels.

You collected 838 gold pieces.
You spent 561 gold pieces at shops.

Inventory:

Hand Weapons
 a - a +0 falchion
 r - the +1 demon blade "Faeddish" (weapon) {vamp, rPois rC- rCorr Int+3}
   (You acquired it on level 3 of the Dungeon)

   Int:       It affects your intelligence (+3).
   rC:        It makes you vulnerable to cold.
   rPois:     It protects you from poison.
   rCorr:     It protects you from acid and corrosion.
Armour
 b - a +0 leather armour (worn)
 d - a +0 helmet (worn)
 e - a +0 pair of gloves (worn)
Jewellery
 k - a +6 ring of strength (left hand)
 o - a ring of willpower
 q - the amulet "Xarphes" (around neck) {Faith rC+ Str+6}
   (You acquired it on level 3 of the Dungeon)

   [amulet of faith]

   It allows you to gain divine favour quickly.
   Str:       It affects your strength (+6).
   rC:        It protects you from cold.
 t - the ring of the Mage (right hand) {Wiz Archmagi}
   (You bought it in a shop on level 3 of the Dungeon)

   [ring of wizardry]

   It improves your spell success rate.
   Archmagi:  It increases the power of your magical spells.
 v - a ring of poison resistance
 x - an amulet of magic regeneration
Wands
 f - a wand of digging (5)
Scrolls
 c - 5 scrolls of identify {unknown}
 g - a scroll of fog {unknown}
 h - a scroll of silence {unknown}
 i - a scroll of teleportation {unknown}
 j - 2 scrolls of vulnerability {unknown}
 l - 2 scrolls of magic mapping {unknown}
 m - a scroll of fear {unknown}
 p - a scroll of brand weapon {unknown}
 y - a scroll of blinking {unknown}
 z - a scroll of immolation {unknown}
 A - a scroll of enchant armour {unknown}
Potions
 n - a potion of invisibility {unknown}
 s - a potion of degeneration {unknown}
 u - a potion of heal wounds {unknown}


   Skills:
 + Level 4.2 Fighting
 + Level 4.9 Long Blades
 + Level 0.2 Armour
 + Level 3.8 Dodging
 + Level 3.5 Spellcasting
 + Level 4.5 Conjurations
 + Level 0.4 Poison Magic


You had 7 spell levels left.
You knew the following spells:

 Your Spells              Type           Power      Damage    Failure   Level
a - Kiss of Death         Conj/Necr      68%        2d10      2%          1
b - Olgreb's Toxic Radia  Pois           7%         N/A       47%         4

Your spell library contained the following spells:

 Spells                   Type           Power      Damage    Failure   Level
 Momentum Strike          Conj/Tloc      34%        3d8       4%          2
 Sting                    Tmut/Pois      20%        1d4       6%          1
 Hailstorm                Conj/Ice       17%        3d6       9%          3
 Cigotuvi's Dreadful Rot  Necr/Pois/Air  10%        N/A       10%         2
 Poisonous Vapours        Pois/Air       10%        N/A       10%         2
 Mephitic Cloud           Conj/Pois/Air  13%        N/A       11%         3
 Ignite Poison            Fire/Tmut/Pois 5%         N/A       19%         3
 Kindle Blastsparks       Fire/Tloc/Air  8%         2d10      21%         3
 Freezing Cloud           Conj/Ice/Air   6%         6-21      67%         5


Dungeon Overview and Level Annotations

Branches:
Dungeon (4/15)
 Temple: D:4-7

Altars:
Kikubaaqudgha

Shops:
D:1 :   D:3 =


Innate Abilities, Weirdness & Mutations

You are amphibious.
You cover ground slowly.
You can hop short distances.
You have an extended range of vision and can be seen from far away.


Message History

The kobold hits you with a +0 club. The jackal closely misses you.
You closely miss the jackal. The kobold closely misses you.
The jackal bites you but does no damage.
You slash the jackal!
You feel better.
You kill the jackal!
The kobold barely misses you.
You closely miss the iguana. The kobold misses you. The iguana misses you.
You barely miss the kobold. The kobold hits you but does no damage.
The iguana barely misses you.
You barely miss the kobold. The kobold hits you with a +0 club.
The iguana bites you but does no damage.
The kobold hits you but does no damage. The iguana bites you.
You closely miss the kobold. The kobold hits you with a +0 club.
The iguana bites you!
You hit the kobold but do no damage. The kobold misses you.
The iguana closely misses you.
You hit the kobold.
The kobold is moderately wounded.
The kobold barely misses you. The iguana bites you.
You closely miss the kobold.
The kobold is moderately wounded.
The kobold hits you with a +0 club. The iguana barely misses you.
You hit the kobold.
You kill the kobold!
The iguana bites you.
You barely miss the iguana. The iguana bites you.
You hit the iguana but do no damage. The iguana closely misses you.
You slash the iguana!
The iguana is almost dead.
The iguana bites you.
* * * LOW HITPOINT WARNING * * *
You feel better. The iguana bites you!
* * * LOW HITPOINT WARNING * * *
You barely miss the iguana.
The iguana is almost dead.
The iguana bites you but does no damage.
You barely miss the iguana.
The iguana is almost dead.
The iguana bites you!
You die...

.###..[....#.............#
.##..........###...........
..+............############
.##..........###...# ##
...#.......#.###.8.+ r.
...##<....##...#...# .#
...###...#####.#...#.# ...#
##'## #.l)8.'# ...# #.#
###@..#..# #######.# #...#
..# ###...## #.8.+ ..#
#......#######...# .+
#........>...##### # ###
#......####### #..
###.#...## ##. ....###.# #[
##### #.# #.


You could see an iguana.

Vanquished Creatures
  A black bear (D:4)
  A phantom (D:4)
  An orc priest (D:3)
  An iguana (D:4)
  An adder (D:2)
  3 white imps (D:4)
  2 ufetubi (D:4)
  A worm (D:3)
  6 dart slugs
  6 orcs
  3 bats
  4 endoplasms
  4 giant cockroaches
  6 goblins
  4 hobgoblins
  4 jackals
  8 kobolds
  3 quokkas
  7 ball pythons
  3 frilled lizards
  4 rats
73 creatures vanquished.

Notes
Turn   | Place    | Note
-------+----------+-------------------------------------------
     0 | D:1      | Pimp the Barachi Reaver began the quest for the Orb.
     0 | D:1      | Reached XP level 1. HP: 17/17 MP: 3/3
   176 | D:1      | Found Fitz's Book Shoppe.
   215 | D:1      | Reached XP level 2. HP: 21/23 MP: 5/5
   645 | D:1      | Reached XP level 3. HP: 28/28 MP: 6/6
   734 | D:1      | Found a faded altar of an unknown god.
   969 | D:2      | Identified the +2 dagger of Fragile Peace {drain, rN+++
                  | Str+3 Int-3 Dex-3}
  1670 | D:2      | Reached XP level 4. HP: 32/35 MP: 8/8
  1967 | D:3      | Identified 3 scrolls of acquirement
  1967 | D:3      | Acquired 657 gold pieces
  1968 | D:3      | Acquired the +1 demon blade "Faeddish" {vamp, rPois rC-
                  | rCorr Int+3}
  1971 | D:3      | Acquired the amulet "Xarphes" {Faith rC+ Str+6}
  2026 | D:3      | Found Irhayteu's Jewellery Boutique.
  2044 | D:3      | Bought the ring of the Mage {Wiz Archmagi} for 561 gold
                  | pieces
  2044 | D:3      | Found the ring of the Mage {Wiz Archmagi}
  2050 | D:3      | Learned a level 4 spell: Olgreb's Toxic Radiance
  2253 | D:3      | Reached XP level 5. HP: 38/41 MP: 9/9
  2586 | D:4      | Noticed a black bear
  2601 | D:4      | Killed a black bear
  2673 | D:4      | Reached XP level 6. HP: 42/48 MP: 9/11
  3077 | D:4      | Found an ancient bone altar of Kikubaaqudgha.
  3348 | D:4      | Slain by an iguana

Illustrated notes

Levels and vault maps discovered:
D:1:      elethiomel_arrival_maze, layout_loops_ring, serial_shops,
          nicolae_lakefront_shop, hellmonk_ecumenical_altar_arch_garden,
          nicolae_concentric_dashed_squares_mild
D:2:      layout_basic
D:3:      layout_basic, serial_shops, nicolae_shop_stone
D:4:      minmay_chambers_of_threes, layout_loops_corners,
          mainiacjoe_overflow_surrounded_room, kiku_gazebo_garden_becter,
          serial_demonic, serial_demonic_c, serial_demonic_b, serial_demonic_e,
          serial_demonic_e, kennysheep_nondescript

Skill      XL: |  1  2  3  4  5  6 |
---------------+-------------------+-----
Long Blades    | 4 |  4.9
Fighting       | 3 4 |  4.2
Dodging        | 3 |  3.8
Spellcasting   | 3 |  3.5
Conjurations   | 4 |  4.5
Armour         | |  0.2
Poison Magic   | |  0.4

Action                     |  1- 3 |  4- 6 || total
---------------------------+-------+-------++-------
  Melee: Falchion          |   125 |     4 ||   129
         Demon blade       |       |   125 ||   125
    Use: Potion            |       |     4 ||     4
         Scroll            |       |     3 ||     3
 Armour: Leather armour    |    40 |    50 ||    90
  Dodge: Dodged            |    99 |    95 ||   194

Table legend: (Time is in decaauts)
 A = Elapsed time spent in this place.
 B = Non-inter-level travel time spent in this place.
 C = Inter-level travel time spent in this place.
 D = Time resting spent in this place.
 E = Time spent auto-exploring this place.
 F = Levels seen in this place.
 G = Mean time per level.
                   A        B        C        D        E       F      G
               +--------+--------+--------+--------+--------+-----+--------+
         Total |   3901 |   3673 |    228 |    166 |   2790 |   4 |  975.2 |
       Dungeon |   3901 |   3673 |    228 |    166 |   2790 |   4 |  975.2 |
               +--------+--------+--------+--------+--------+-----+--------+

Top non-repeatable levels by time:
     D:2: 1210 daAuts
     D:1: 1087 daAuts
     D:4: 884 daAuts
     D:3: 719 daAuts
